 Dungeon Crawl Stone Soup version 0.21.1-1-g345015f (webtiles) character file.

1017 empire the Slasher (level 8, 0/66 HPs)
             Began as a Minotaur Fighter on June 1, 2018.
             Slain by a sky beast (6 damage)
             ... on level 5 of the Dungeon.
             The game lasted 00:08:32 (4328 turns).

empire the Slasher (Minotaur Fighter)               Turns: 4328, Time: 00:08:32

Health: 0/66       AC:  7    Str: 24    XL:     8   Next: 1%
Magic:  16/17      EV: 10    Int:  5    God:
Gold:   218        SH:  9    Dex:  9    Spells: 7/7 levels left

rFire    . . .     SeeInvis .   a - +0 long sword
rCold    . . .     Gourm    .   c - +0 shield
rNeg     . . .     Faith    .   b - +0 scale mail
rPois    .         Spirit   .   (helmet restricted)
rElec    .         Reflect  .   (no cloak)
rCorr    .         Harm     .   (no gloves)
MR       .....                  (no boots)
Stlth    ..........             (no amulet)
HPRegen  0.21/turn              n - ring of magical power
MPRegen  0.15/turn              (no ring)

@: no status effects
A: retaliatory headbutt, horns 2
a: no special abilities


You were on level 5 of the Dungeon.
You were not hungry.

You visited 1 branch of the dungeon, and saw 5 of its levels.

You collected 218 gold pieces.

Inventory:

Hand Weapons
 a - a +0 long sword (weapon)
 s - a +1 mace of protection
Armour
 b - a +0 scale mail (worn)
 c - a +0 shield (worn)
 t - a +0 plate armour
Jewellery
 n - a ring of magical power (left hand)
 u - an uncursed ring of see invisible {unknown}
Wands
 v - a wand of digging (16)
 x - a wand of polymorph (14)
Scrolls
 g - a scroll of enchant armour {unknown}
 h - 3 scrolls of remove curse {unknown}
 j - a scroll of identify {unknown}
 l - a scroll of fog {unknown}
 m - 2 scrolls of enchant weapon {unknown}
 o - a scroll of teleportation {unknown}
Potions
 d - 2 potions of might
 e - 3 potions of curing
 i - 2 potions of lignification {unknown}
 k - a potion of degeneration {unknown}
 p - a potion of invisibility {unknown}
 q - 3 potions of brilliance {unknown}
 r - a potion of flight {unknown}
 z - a potion of cancellation {unknown}
Books
 w - a book of Misfortune

   Spells                             Type                      Level
   a - Confusing Touch                Hexes                        1
   b - Confuse                        Hexes                        3
   c - Gell's Gravitas                Translocation                3
   d - Petrify                        Transmutation/Earth          4
   e - Metabolic Englaciation         Hexes/Ice                    5
   f - Yara's Violent Unravelling     Hexes/Transmutation          5
Comestibles
 f - 8 rations
 A - 4 chunks of flesh


   Skills:
 - Level 4.0 Fighting
 + Level 7.5 Long Blades
 + Level 6.3 Armour
 - Level 5.2 Dodging
 - Level 4.0 Shields
 + Level 1.4 Evocations


You had 7 spell levels left.
You didn't know any spells.

Dungeon Overview and Level Annotations

Branches:
Dungeon (5/15)
 Temple: D:4-7

Altars:
Ashenzari
Qazlal
Xom
Zin
The Shining One

Shops:
D:5 }


Innate Abilities, Weirdness & Mutations

You reflexively headbutt those who attack you in melee.
You have a pair of horns on your head.


Message History

The sky beast is moderately wounded.
The sky beast hits you but does no damage.
You closely miss the sky beast. You headbutt the sky beast!
The sky beast is heavily wounded.
The sky beast hits you but does no damage.
Your shield and scale mail prevent you from hitting the sky beast.
The sky beast is heavily wounded.
The sky beast closely misses you.
You barely miss the sky beast.
The sky beast is heavily wounded.
You block the sky beast's attack. The sky beast hits you.
* * * LOW HITPOINT WARNING * * *
The sky beast shocks you.
* * * LOW HITPOINT WARNING * * *
You barely miss the sky beast. Your headbutt misses the sky beast.
The sky beast is heavily wounded.
The sky beast hits you.
* * * LOW HITPOINT WARNING * * *
The sky beast shocks you.
You die...

####....#...(#.....
#....##.#...(#.....
..###...#...(......
#.###...(##.... #.#
#....###... ###.#
#...)# #### ##...#
#....# ##..###
###### #.@## #Y##
... ..... #.#....
...#... .......
###....


You could see a sky beast.

Vanquished Creatures
  The ghost of Cadaver the Chopper, a novice HuWn of Okawaru (D:4)
  2 ogres (D:5)
  A centaur (D:5)
  A bullfrog (D:5)
  A hound (D:4)
  A jelly (D:5)
  An orc priest (D:4)
  An orc wizard (D:3)
  2 worker ants (D:5)
  Natasha (twice) (D:4)
  Terence (D:3)
  A gnoll (D:1)
  6 adders
  A shadow imp (D:5)
  2 oozes
  An adder skeleton (D:4)
  A worm (D:3)
  2 leopard geckos (D:2)
  8 orcs
  A ball python (D:4)
  8 bats
  2 giant cockroaches
  10 goblins
  8 hobgoblins
  18 jackals
  8 kobolds
  3 quokkas (D:3)
  4 frilled lizards
  A jackal zombie (D:5)
  A leopard gecko skeleton (D:4)
  7 rats
107 creatures vanquished.

Notes
Turn   | Place    | Note
-------+----------+-------------------------------------------
     0 | D:1      | empire the Minotaur Fighter began the quest for the Orb.
     0 | D:1      | Reached XP level 1. HP: 19/19 MP: 0/0
    27 | D:1      | Reached XP level 2. HP: 12/27 MP: 1/1
   327 | D:1      | Reached skill level 1 in Dodging
   539 | D:1      | Reached XP level 3. HP: 33/33 MP: 2/2
   985 | D:1      | Reached skill level 3 in Long Blades
  1176 | D:2      | Reached XP level 4. HP: 40/40 MP: 3/3
  1192 | D:2      | Found a shimmering altar of Xom.
  1273 | D:2      | Found a glowing silver altar of Zin.
  2206 | D:3      | Reached XP level 5. HP: 37/46 MP: 4/4
  2248 | D:3      | Reached skill level 4 in Long Blades
  2256 | D:3      | Found a shattered altar of Ashenzari.
  2339 | D:3      | Noticed Terence
  2349 | D:3      | Killed Terence
  2419 | D:3      | Reached skill level 5 in Armour
  2737 | D:3      | Found a stormy altar of Qazlal.
  3152 | D:4      | Noticed Natasha
  3159 | D:4      | Killed Natasha
  3159 | D:4      | Reached XP level 6. HP: 30/52 MP: 5/5
  3369 | D:4      | Reached skill level 5 in Long Blades
  3634 | D:4      | Noticed Natasha
  3638 | D:4      | Noticed Cadaver's ghost (novice HuWn)
  3641 | D:4      | Killed Natasha
  3658 | D:4      | Killed Cadaver's ghost
  3658 | D:4      | Reached skill level 6 in Long Blades
  3658 | D:4      | Reached skill level 5 in Dodging
  3658 | D:4      | Reached XP level 7. HP: 35/59 MP: 6/6
  3973 | D:4      | Found a glowing golden altar of the Shining One.
  4017 | D:5      | Entered Level 5 of the Dungeon
  4100 | D:5      | Found Fynec's Gadget Shop.
  4116 | D:5      | Reached skill level 7 in Long Blades
  4315 | D:5      | Reached skill level 1 in Evocations
  4319 | D:5      | Reached XP level 8. HP: 20/66 MP: 8/8
  4328 | D:5      | Slain by a sky beast

Skill      XL: |  1  2  3  4  5  6  7 |
---------------+----------------------+-----
Dodging        | 1 2 3 5 |  5.2
Fighting       | 4 |  4.0
Armour         | 4 5 6 |  6.3
Shields        | 4 |  4.0
Long Blades    | 3 4 6 7 |  7.5
Evocations     | 1 |  1.4

Action                   |  1- 3 |  4- 6 |  7- 9 || total
-------------------------+-------+-------+-------++-------
Melee: Long sword        |    68 |   184 |    44 ||   296
       Headbutt          |    11 |    35 |     8 ||    54
  Eat: Chunk             |     1 |     8 |     2 ||    11
Armor: Scale mail        |    43 |    74 |    13 ||   130
Dodge: Dodged            |    40 |    73 |    17 ||   130
Block: Shield            |    60 |   115 |    14 ||   189
       Rpst.: Long sword |    14 |    21 |     7 ||    42
